 Dungeon Crawl Stone Soup version 0.31-a0-618-g7ca08c1ff9 (webtiles) character file.

Game seed: 5244783017325590138

163467 MackTheKnife the Severer (level 17, -16/158 HPs)
             Began as a Hill Orc Fighter on Aug 22, 2023.
             Was the Champion of Beogh.
             Killed from afar by a salamander mystic (26 damage)
             ... with a lance of force
             ... on level 4 of the Snake Pit.
             The game lasted 00:52:57 (24812 turns).

MackTheKnife the Severer (Hill Orc Fighter)        Turns: 24812, Time: 00:52:57

Health: -16/158    AC: 23    Str: 31    XL:     17   Next: 83%
Magic:  17/17      EV: 13    Int:  5    God:    Beogh [******]
Gold:   2264       SH: 16    Dex: 14    Spells: 16/16 levels left

rFire   + . .        a - +5 broad axe (heavy) {axe}
rCold   + . .        X - +2 kite shield {reflect}
rNeg    . . .        G - +5 chain mail of Arphalux {Fly rElec Int-4}
rPois   +            m - +1 helmet of the Blacksmith {rPois Str+8 Int-5}
rElec   +            l - scarf {rC+ rF+}
rCorr   .            C - +0 pair of gloves
SInv    +            E - +1 pair of boots
Will    ++...        f - amulet "Sycrukutt" {rPois Regen+ SInv} Stlth
                     M - ring of willpower
HPRegen 1.26/turn    e - +6 ring of intelligence
MPRegen 0.15/turn

%: reflection
@: weakened, flying, studying Armour
A: walk on water
a: Renounce Religion, Smiting, Recall Orcish Followers, Give Item to Named
Follower, Resurrection


You were on level 4 of the Snake Pit.
You worshipped Beogh.
Beogh was exalted by your worship.
You visited 5 branches of the dungeon, and saw 27 of its levels.
You also visited: Bailey and Ice Cave.

You collected 4168 gold pieces.
You spent 1904 gold pieces at shops.


   Skills:
 + Level 15.9 Fighting
 - Level 20.9(21.8) Axes
 - Level 9.4(14.7) Maces & Flails
 - Level 12.0 Armour
 - Level 10.0 Dodging
 + Level 18.3 Shields


You had 16 spell levels left.
You didn't know any spells.
Your spell library contained the following spells:

 Spells                   Type           Power      Damage    Failure   Level
 Blink                    Tloc           0%         N/A       96%         2
 Poisonous Vapours        Pois/Air       0%         N/A       96%         2
 Sublimation of Blood     Necr           0%         N/A       96%         2
 Wereblood                Tmut           0%         N/A       96%         2
 Mephitic Cloud           Conj/Pois/Air  0%         N/A       99%         3
 Ozocubu's Armour         Ice            0%         N/A       99%         3
 Anguish                  Hex/Necr       0%         N/A       100%        4
 Animate Dead             Necr           0%         N/A       100%        4
 Cause Fear               Hex            0%         N/A       100%        4
 Manifold Assault         Tloc           0%         N/A       100%        4
 Borgnjor's Vile Clutch   Necr/Erth      0%         N/A       100%        5
 Freezing Cloud           Conj/Ice/Air   0%         6-21      100%        5
 Irradiate                Conj/Tmut      0%         3d11      100%        5
 Dispersal                Tloc           0%         N/A       100%        6
 Enfeeble                 Hex            0%         N/A       100%        7
 Ozocubu's Refrigeration  Ice            0%         4d7       100%        7
 Disjunction              Tloc           0%         N/A       100%        8

Inventory:

Hand Weapons
 a - a +5 heavy broad axe (weapon) {axe}
   (You found it in a bailey)
 c - the +7 great mace "Dimao" {flame, rElec rF+ Int+4, mace}
   (You found it on level 9 of the Dungeon)

   Int+4:     It affects your intelligence (+4).
   rF+:       It protects you from fire.
   rElec:     It insulates you from electricity.
 v - the +7 whip of Pox Ogov {elec, Dex+4, mace}
   (You took it off an orc wizard on level 5 of the Dungeon)

   Dex+4:     It affects your dexterity (+4).
 T - the +7 falchion of Bintus {venom, Fly rElec Will+ Int-2, long}
   (You found it on level 10 of the Dungeon)

   Int-2:     It affects your intelligence (-2).
   rElec:     It insulates you from electricity.
   Will+:     It increases your willpower.
   Fly:       It grants you flight.
Armour
 l - a scarf of resistance (worn)
   (You found it on level 2 of the Dungeon)
 m - the +1 helmet of the Blacksmith (worn) {rPois Str+8 Int-5}
   (You found it on level 4 of the Dungeon)

   Str+8:     It affects your strength (+8).
   Int-5:     It affects your intelligence (-5).
   rPois:     It protects you from poison
 C - a +0 pair of gloves (worn)
   (You found it on level 6 of the Dungeon)
 E - a +1 pair of boots (worn)
   (You found it on level 8 of the Dungeon)
 G - the +5 chain mail of Arphalux (worn) {Fly rElec Int-4}
   (You found it on level 8 of the Dungeon)

   Int-4:     It affects your intelligence (-4).
   rElec:     It insulates you from electricity.
   Fly:       It grants you flight.
 R - a +1 tower shield of cold resistance
   (You found it in an ice cave)
 W - the +0 scale mail of the Byakko {Str+4 Dex+3}
   (You found it on level 2 of the Snake Pit)

   Str+4:     It affects your strength (+4).
   Dex+3:     It affects your dexterity (+3).
 X - a +2 kite shield of reflection (worn)
   (You took it off a tengu warrior on level 15 of the Dungeon)
Jewellery
 e - a +6 ring of intelligence (right hand)
   (You found it on level 1 of the Dungeon)
 f - the amulet "Sycrukutt" (around neck) {rPois Regen+ SInv}
   (You acquired it on level 5 of the Dungeon)

   [amulet of regeneration]

   rPois:     It protects you from poison SInv: It lets you see invisible.
   Regen+:    It increases your rate of health regeneration.
 h - a +6 ring of dexterity
   (You found it on level 1 of the Dungeon)
 x - a ring of flight
   (You found it on level 5 of the Dungeon)
 A - a +6 ring of dexterity
   (You found it on level 6 of the Dungeon)
 I - a ring of protection from cold
   (You found it on level 5 of the Lair of Beasts)
 M - a ring of willpower (left hand)
   (You found it on level 5 of the Lair of Beasts)
 U - a ring of positive energy
   (You found it on level 10 of the Dungeon)
Wands
 b - a wand of iceblast (15)
   (You found it on level 10 of the Dungeon)
 w - a wand of mindburst (4)
   (You found it on level 1 of the Lair of Beasts)
 H - a wand of flame (38)
   (You found it on level 8 of the Dungeon)
 P - a wand of polymorph (5)
   (You found it on level 2 of the Lair of Beasts)
 Q - a wand of charming (6)
   (You found it on level 2 of the Lair of Beasts)
Scrolls
 i - 6 scrolls of fog
 j - 2 scrolls of fear
 p - 2 scrolls of enchant armour
 s - 3 scrolls of poison
 t - 6 scrolls of blinking {!r}
 y - 12 scrolls of teleportation {@r4}
 J - 5 scrolls of immolation {!r!r}
 L - a scroll of summoning
 O - 2 scrolls of vulnerability {!r!r}
 S - 7 scrolls of identify {@r1}
 Y - a scroll of revelation
 Z - a scroll of enchant weapon
Potions
 d - 4 potions of might
 k - 2 potions of magic
 n - 4 potions of resistance
 o - 2 potions of invisibility
 q - 8 potions of lignification {!q}
 r - 10 potions of curing {@q1}
 u - 3 potions of mutation {!q}
 z - 3 potions of berserk rage {!q}
 B - 2 potions of cancellation
 D - 5 potions of brilliance
 F - 5 potions of haste {@q3}
 K - 6 potions of heal wounds {@q2}
 N - 3 potions of attraction {!q}
Miscellaneous
 g - a phantom mirror
   (You found it on level 4 of the Lair of Beasts)
 V - a phial of floods
   (You found it on level 12 of the Dungeon)

Dungeon Overview and Level Annotations

Branches:
Dungeon (15/15) Zot: 26184  Temple (1/1) D:4 Zot: 5998    Lair (5/5) D:9 Zot: 24380
  Swamp (0/4) Lair:3        Snake (4/4) Lair:3 Zot: 19288   Slime (0/5) Lair:5
    Orc (2/2) D:10 Zot: 10658     Elf (0/3) Orc:2        Vaults (0/5) D:13
 Depths (0/4) D:15         Bailey (visited)           IceCv (visited)

Altars:
Ashenzari
Cheibriados
Dithmenos
Elyvilon
Fedhas
Gozag
Hepliaklqana
Kikubaaqudgha
Makhleb
Nemelex Xobeh
Okawaru
Qazlal
Ru
Sif Muna
Trog
Uskayaw
Vehumet
Wu Jian
Xom
Yredelemnul
Zin
The Shining One
Beogh
Jiyva

Shops:
D:12 *   D:14 :   Orc:2 (!(*   Snake:2 (

Annotations:
D:4 Eustachio
D:9 Erolcha
D:13 4 transporters
Lair:5 exclusion: oklob plant
Snake:2 1 runed translucent door

.....##
##...##.§§§≈###......###
.....#
##.##.)≈§≈##..........#
....##
###..§≈§##............
....##
#####..≈§≈##.)..######...
.....# #.##..≈≈≈##...###
###.
#########.#..≈§≈##o..##
## #....#.#.#..≈≈≈#oo.##
# ###....'.#'#####o≈.#
###..#...##.N@#+##
##.#..##.NNNN# #
#.#..#...N.N.# #
#.#..#.......+ #
#.#..#.......# #
######..##.....##
####'#......##...###
.........#...#####.#
##.###..##...o..ooo#


You could see a naga sharpshooter, 2 salamander tyrants, 2 salamander mystics, a
salamander, a naga ritualist (fast), the friendly Bogwik the orc warlord
(strong), the friendly Borgun the orc warlord (strong), a friendly orc knight
(strong) and the friendly Urug (strong).


Message History

The salamander mystic gestures at the salamander tyrant while chanting.
The salamander tyrant seems to speed up.
You block the nagaraja's attack. The nagaraja constricts you.
You cut the nagaraja into ribbons!!! You slash the salamander tyrant! x2
The salamander tyrant hits you.
You are engulfed in flames!
You resist. You block the nagaraja's attack. The nagaraja constricts you.
The salamander tyrant hits you.
You are engulfed in flames!
You resist.
You block the salamander tyrant's attack.
The nagaraja spits poison at you.
The splash of poison hits you but does no damage.
You resist. The nagaraja constricts you. 😮 HP[-32]
You take 32 damage, and now have 106/158 hp.
MASSIVE DAMAGE!! (PAUSE)
You slice the salamander mystic!! You hit the nagaraja.
You hit the salamander tyrant but do no damage.
You barely miss the salamander tyrant.
Your orc knight no longer looks unusually strong.
The salamander tyrant gazes fiercely through you!
You feel as though you will be weak longer.
The salamander tyrant hits you.
You are engulfed in flames!
You resist.
The salamander tyrant gazes fiercely through you!
You feel as though you will be weak longer.
You block the salamander tyrant's attack.
Bogwik roars a battlecry!
Your orc knight goes into a battle-frenzy!
You block the salamander mystic's attack.
The nagaraja closely misses you. The nagaraja constricts you.
The salamander tyrant closely misses you.
You block the salamander tyrant's attack.
The salamander hits you but does no damage. 😮 HP[-16]
You take 16 damage, and now have 90/158 hp.
Unknown command.
You slash the salamander mystic! You slash the salamander tyrant!
You hit the salamander tyrant but do no damage.
You closely miss the nagaraja.
Bogwik no longer looks unusually strong.
The nagaraja casts a spell at you.
Your +2 kite shield of reflection blocks the poison arrow... and reflects it back!
The poison arrow hits the nagaraja!!
The nagaraja partially resists.
The nagaraja is poisoned.
The nagaraja constricts you.
The salamander tyrant hits you but does no damage.
The salamander tyrant gazes fiercely through you!
You feel as though you will be weak longer.
The salamander tyrant hits you.
You are engulfed in flames!
You resist.
* * * LOW HITPOINT WARNING * * *
You block the salamander mystic's attack.
The nagaraja spits poison at you.
The splash of poison hits you but does no damage.
You resist. The nagaraja constricts you. You block the salamander's attack.
The salamander tyrant hits you but does no damage. x2
The salamander mystic gestures at the naga ritualist while chanting.
The naga ritualist seems to speed up. 😨 HP[-11]
You take 11 damage, and now have 79/158 hp.
Unknown command.
You slice the nagaraja!!
You kill the nagaraja!
Beogh accepts your kill.
You slash the salamander tyrant!
You completely miss the salamander mystic.
You barely miss the salamander tyrant. You block the naga ritualist's attack.
The salamander tyrant gazes fiercely through you!
You feel as though you will be weak longer.
You block the salamander tyrant's attack.
The naga sharpshooter mumbles some strange words.
The naga sharpshooter magically shoots a bolt.
The bolt misses you.
The salamander misses you. 😮 HP[+1] Unknown command.
You slice the salamander tyrant!! x2; You closely miss the salamander mystic.
You slash the salamander mystic! You block the naga ritualist's attack.
The salamander tyrant hits you.
* * * LOW HITPOINT WARNING * * *
You are engulfed in flames!
You resist.
* * * LOW HITPOINT WARNING * * *
The salamander mystic points at you and mumbles some strange words.
The lance of force hits you!
* * * LOW HITPOINT WARNING * * *
You are knocked back by the lance of force.
You collide with Urug!
* * * LOW HITPOINT WARNING * * *
The naga sharpshooter gestures wildly while chanting.
The naga sharpshooter magically shoots a bolt.
You block the bolt with your +2 kite shield of reflection... and reflect it back!
You block the salamander tyrant's attack.
The salamander barely misses you. The salamander tyrant hits you.
* * * LOW HITPOINT WARNING * * *
You are engulfed in flames!
You resist.
* * * LOW HITPOINT WARNING * * *
You block the naga ritualist's attack.
Your orc knight roars a battlecry!
Bogwik goes into a battle-frenzy!
The salamander mystic points at you and mumbles some strange words.
The bolt of magma hits you!! You partially resist.
* * * LOW HITPOINT WARNING * * *
The salamander mystic casts a spell at you.
The lance of force hits you!!
You die...

Skill      XL: |  1  2  3  4  5  6  7  8  9 10 11 12 13 14 15 16 17 |
---------------+----------------------------------------------------+-----
Axes           | 3 4 5 6 8 9 10 12 18 20 | 20.9
Fighting       | 4 6 8 11 12 13 14 15 | 15.9
Maces & Flails | 4 7 9 |  9.4
Armour         | 5 9 10 12 | 12.0
Shields        | 5 6 10 16 18 | 18.3
Dodging        | 5 8 10 | 10.0

Action                     |  1- 3 |  4- 6 |  7- 9 | 10-12 | 13-15 | 16-18 || total
---------------------------+-------+-------+-------+-------+-------+-------++-------
  Melee: War axe           |   105 |   100 |    62 |       |       |       ||   267
         Whip              |       |       |   207 |   545 |   190 |       ||   942
         Broad axe         |       |       |       |       |   505 |   350 ||   855
 Invoke: Convert to Beogh  |       |       |     1 |       |       |       ||     1
         Recall Orcish Fol |       |       |       |       |    12 |     8 ||    20
         Give Item to Name |       |       |       |       |     3 |       ||     3
         Stop Recall       |       |       |       |       |     2 |     4 ||     6
  Evoke: Wand              |       |       |     3 |    12 |     3 |     1 ||    19
    Use: Potion            |       |     5 |       |     2 |       |     2 ||     9
         Scroll            |       |       |     7 |     6 |    19 |     1 ||    33
   Stab: Invisible         |       |     1 |       |       |       |       ||     1
         Distracted        |       |       |       |       |     8 |     5 ||    13
 Armour: Scale mail        |    40 |    43 |    90 |    31 |       |       ||   204
         Chain mail        |       |       |       |   122 |   347 |   168 ||   637
  Dodge: Dodged            |    35 |    41 |   109 |   152 |   363 |   165 ||   865
  Block: Buckler           |    29 |    22 |    74 |   114 |   187 |    10 ||   436
         Kite shield       |       |       |       |       |       |   370 ||   370
         Reflection        |       |       |       |       |       |    47 ||    47

Levels and vault maps discovered:
D:1:      saegor_arrival_simple_b, layout_loops_ring,
          wander_ebering_terrifying_dragon_lair
D:2:      layout_rooms, hellmonk_ecumenical_altar_lost_god, basic_altar
D:3:      layout_basic, mainiacjoe_overflow_24_doors, minmay_quadrilaterals
D:4:      layout_basic, minmay_temple_entry_mist, uniq_eustachio, uniq_menkaure
D:5:      layout_basic, minitemple
D:6:      layout_basic, hangedman_decor_diamond_cutter, dk_noncrumbling_4
D:7:      minmay_evil_eye, layout_rooms, uniq_pikel
D:8:      layout_cave_pools, serial_bayou, serial_bayou_lake_a,
          serial_bayou_crossing, serial_bayou_lagoon_a, serial_bayou_shore_a,
          serial_bayou_pond_d, serial_bayou_shore_b,
          nicolae_concentric_dashed_squares_wild, reono_crystal_passage,
          kennysheep_flooded_box, uniq_grum
D:9:      layout_roguey, lair_entry_dummy, enter_bailey_5, uniq_erolcha
D:10:     gammafunk_indiana_jones, layout_basic
D:11:     layout_irregular_city, minmay_fractal_squares_diagonal_5
D:12:     layout_roguey, nicolae_elemental_shop
D:13:     layout_loops_cross, david_vaults_4, hex_tiny,
          nicolae_transporter_circle
D:14:     layout_basic, roderic_lattice_octagonal_star, gauntlet_entry_generic,
          nicolae_shop_self_help, uniq_agnes, uniq_snorg
D:15:     grunt_enter_depths_hoard, layout_basic
Temple:   nicolae_temple_ecumenical_triangle
Lair:1:   layout_gridlike
Lair:2:   layout_cellular_growth, nicolae_lair_lindhole
Lair:3:   layout_regular_city, swamp_mist_pool, nicolae_snake_entry_squirm,
          serial_bayou_pond_c, lemuel_fruit_fields, lemuel_fruit_fields,
          serial_bayou_shore_b, lemuel_fruit_fields, uniq_urug
Lair:4:   layout_loops_ring, roderic_batcave, hangedman_lair_generics_rect,
          uniq_sonja
Lair:5:   hangedman_lair_tendril_chambers, layout_long_grid,
          minmay_slime_entry_pillars, st_stairs_5, serial_bayou_pond_b,
          hangedman_lair_unloving_vines, serial_bayou_pond_b, lemuel_oklob_altar
Snake:1:  layout_layer_cave
Snake:2:  cheibrodos_toxic_ritual, layout_grid_shapes, serial_shops,
          nicolae_diamond_shop, uniq_vashnia, uniq_aizul
Snake:3:  layout_grid_maze
Snake:4:  snake_pit_salamanders_mu, layout_cave_town, st_stairs_6,
          nicolae_snake_snake_lake, nicolae_snake_flat_spine
Orc:1:    layout_diamond_mine, portal_ice_cave_demonic_guard,
          elves_outpost_lemuel
Orc:2:    st_orc_elflike, layout_caves, basic_altar, lightli_church_of_beogh

Notes
Turn   | Place    | Note
-------+----------+-------------------------------------------
     0 | D:1      | MackTheKnife the Hill Orc Fighter began the quest for the
                  | Orb.
     0 | D:1      | Reached XP level 1. HP: 19/19 MP: 1/1
     0 | D:1      | magus.rc [v1.9.6]
    69 | D:1      | Reached skill level 3 in Axes
   172 | D:1      | Reached XP level 2. HP: 23/26 MP: 2/2
   248 | D:1      | Reached skill level 4 in Axes
   831 | D:2      | Reached XP level 3. HP: 31/31 MP: 3/3
   873 | D:2      | Reached skill level 5 in Axes
   981 | D:2      | Found a faded altar of an unknown god.
  1100 | D:2      | Found an iron altar of Okawaru.
  1278 | D:3      | You pick up a book of Changes and begin reading...
  1278 | D:3      | You add the spells Wereblood and Irradiate to your library.
  1354 | D:3      | Found a broken altar of Ashenzari.
  1496 | D:3      | Reached XP level 4. HP: 38/39 MP: 4/4
  1812 | D:3      | Reached skill level 6 in Axes
  2102 | D:4      | Noticed Eustachio
  2141 | D:4      | Noticed a bullfrog
  2142 | D:4      | Noticed a black bear
  2304 | D:3      | HP: 8/39 [something (2)]
  2307 | D:3      | HP: 3/39 [something (3)]
  2311 | D:3      | HP: 1/39 [something (3)]
  2315 | D:3      | Reached XP level 5. HP: 30/45 MP: 5/5
  2603 | D:4      | Killed a black bear
  2604 | D:4      | Reached skill level 8 in Axes
  2765 | D:4      | Reached XP level 6. HP: 51/51 MP: 6/6
  2840 | D:4      | Noticed Menkaure
  2848 | D:4      | HP: 12/51 [ball python (1)]
  2849 | D:4      | Killed Menkaure
  2850 | D:4      | Reached skill level 4 in Fighting
  2850 | D:4      | Reached skill level 9 in Axes
  2850 | D:4      | Reached XP level 7. HP: 15/60 MP: 7/7
  3034 | D:4      | Found a staircase to the Ecumenical Temple.
  3040 | D:4      | Identified the +1 helmet of the Blacksmith {rPois Str+8
                  | Int-5}
  3073 | Temple   | Entered the Ecumenical Temple
  3133 | D:5      | Entered Level 5 of the Dungeon
  3227 | D:5      | Found an opulent altar of Gozag.
  3229 | D:5      | Found a shimmering blue altar of Sif Muna.
  3238 | D:5      | Reached skill level 5 in Fighting
  3240 | D:5      | Found a hazy altar of Hepliaklqana.
  3241 | D:5      | Found a radiant altar of Vehumet.
  3242 | D:5      | Found a blossoming altar of Fedhas.
  3242 | D:5      | Found a burning altar of Makhleb.
  3242 | D:5      | Found a shadowy altar of Dithmenos.
  3242 | D:5      | Found a basalt altar of Yredelemnul.
  3242 | D:5      | Found a hide-covered altar of Uskayaw.
  3243 | D:5      | Found an iron altar of Okawaru.
  3244 | D:5      | Found a stormy altar of Qazlal.
  3246 | D:5      | Found an ornate altar of the Wu Jian Council.
  3248 | D:5      | Found a bloodstained altar of Trog.
  3315 | D:5      | Identified a scroll of acquirement
  3320 | D:5      | Acquired the amulet "Sycrukutt" {rPois Regen+ SInv}
  3432 | D:5      | Identified the +7 whip of Pox Ogov {elec, Dex+4}
  3607 | D:5      | Reached skill level 10 in Axes
  3668 | D:5      | Reached skill level 6 in Fighting
  3928 | D:6      | Reached XP level 8. HP: 71/71 MP: 8/8
  4021 | D:6      | Reached skill level 7 in Fighting
  4062 | D:6      | Reached skill level 1 in Maces & Flails
  4264 | D:6      | Reached skill level 2 in Maces & Flails
  4436 | D:6      | You add the spells Ozocubu's Armour and Ozocubu's
                  | Refrigeration to your library.
  4656 | D:7      | Reached skill level 8 in Fighting
  4656 | D:7      | Reached skill level 3 in Maces & Flails
  4713 | D:6      | Reached skill level 4 in Maces & Flails
  4713 | D:6      | Reached XP level 9. HP: 70/82 MP: 9/9
  4816 | D:7      | Reached skill level 9 in Fighting
  4820 | D:7      | Reached skill level 5 in Maces & Flails
  5041 | D:7      | Noticed Pikel
  5067 | D:7      | Killed Pikel
  5068 | D:7      | Reached skill level 10 in Fighting
  5068 | D:7      | Reached skill level 6 in Maces & Flails
  5339 | D:7      | You pick up a book of the Warp and begin reading...
  5339 | D:7      | You add the spells Manifold Assault, Dispersal and
                  | Disjunction to your library.
  5460 | D:8      | Became a worshipper of Beogh the Brigand
  5559 | D:7      | Reached skill level 7 in Maces & Flails
  5608 | D:7      | Reached skill level 11 in Fighting
  5608 | D:7      | Reached XP level 10. HP: 78/95 MP: 10/10
  5639 | D:7      | Reached skill level 8 in Maces & Flails
  5737 | D:7      | Reached * piety under Beogh
  6069 | D:8      | Noticed Grum
  6091 | D:8      | Killed Grum
  6137 | D:8      | Identified the +5 chain mail of Arphalux {Fly rElec Int-4}
  6167 | D:8      | Reached skill level 12 in Fighting
  6216 | D:8      | Reached skill level 9 in Maces & Flails
  6649 | D:9      | Identified the +7 great mace "Dimao" {flame, rElec rF+
                  | Int+4}
  6757 | D:9      | Found a flagged portal.
  6771 | D:9      | Reached skill level 4 in Armour
  6771 | D:9      | Reached skill level 4 in Shields
  6793 | Bailey   | Entered a bailey
  6833 | Bailey   | Reached ** piety under Beogh
  6931 | Bailey   | Noticed an orc knight
  6947 | Bailey   | Killed an orc knight
  6948 | Bailey   | Reached skill level 5 in Armour
  6948 | Bailey   | Reached skill level 5 in Shields
  6948 | Bailey   | Reached XP level 11. HP: 92/104 MP: 11/11
  6993 | Bailey   | Noticed an orc knight
  7029 | Bailey   | Killed an orc knight
  7030 | Bailey   | Reached skill level 6 in Armour
  7030 | Bailey   | Reached skill level 6 in Shields
  7048 | Bailey   | Noticed an orc warlord
  7081 | Bailey   | Killed an orc warlord
  7160 | Bailey   | Identified the +5 great sword "Ysadwixo" {vamp, Str+5 SInv}
  7182 | Bailey   | You add the spells Sublimation of Blood, Animate Dead and
                  | Borgnjor's Vile Clutch to your library.
  7182 | Bailey   | Got the Opusculum on the Singularity and Evil Spells
  7187 | Bailey   | Reached skill level 9 in Armour
  7187 | Bailey   | Reached skill level 5 in Dodging
  7187 | Bailey   | Reached XP level 12. HP: 112/112 MP: 12/12
  7283 | D:9      | You are sucked into a shaft and drop 1 floor!
  7283 | D:10     | Entered Level 10 of the Dungeon
  7292 | D:10     | Found a staircase to the Orcish Mines.
  7323 | D:10     | Found a runed translucent door.
  7376 | D:10     | Noticed a boulder beetle
  7434 | D:10     | Reached skill level 10 in Armour
  7477 | D:10     | Killed a boulder beetle
  7478 | D:10     | Reached skill level 6 in Dodging
  7596 | D:10     | Reached *** piety under Beogh
  7774 | D:9      | Found a staircase to the Lair.
  7886 | D:9      | Noticed Erolcha
  7886 | D:9      | Noticed a two-headed ogre
  8249 | D:11     | Noticed a boulder beetle
  8294 | D:11     | Killed a boulder beetle
  8295 | D:11     | Reached skill level 7 in Dodging
  8326 | D:11     | Noticed a two-headed ogre
  8341 | D:11     | Killed a two-headed ogre
  8421 | D:11     | Reached skill level 8 in Dodging
  8421 | D:11     | Reached skill level 11 in Axes
  8765 | D:11     | Reached skill level 12 in Axes
  9093 | Lair:1   | Entered Level 1 of the Lair of Beasts
  9153 | Lair:1   | Reached XP level 13. HP: 118/118 MP: 13/13
  9384 | Lair:1   | Reached skill level 13 in Axes
  9591 | Lair:1   | Reached **** piety under Beogh
  9592 | Lair:1   | Reached skill level 14 in Axes
  9639 | Lair:1   | Gained Norbak as an ally
 10109 | Lair:2   | Identified the +6 scale mail of Intuition {rC+ Dex+3}
 10174 | Lair:2   | Identified the +8 dagger "Ytium" {drain, rPois rF+}
 10184 | Lair:2   | Reached skill level 15 in Axes
 11364 | Lair:3   | Your ally Norbak died
 11367 | Lair:3   | Noticed Urug
 11680 | Lair:3   | Reached skill level 16 in Axes
 11896 | Lair:3   | Found a staircase to the Swamp.
 11928 | Lair:3   | Reached skill level 17 in Axes
 12326 | Lair:3   | Found a staircase to the Snake Pit.
 12331 | Lair:3   | Reached skill level 18 in Axes
 12876 | Lair:4   | Reached XP level 14. HP: 123/126 MP: 14/14
 12887 | Lair:4   | Reached ***** piety under Beogh
 13015 | Lair:4   | Reached skill level 19 in Axes
 13121 | Lair:4   | Noticed Sonja
 13123 | Lair:4   | Killed Sonja
 13583 | Lair:5   | Entered Level 5 of the Lair of Beasts
 13737 | Lair:5   | Found a snail-covered altar of Cheibriados.
 13751 | Lair:5   | Reached skill level 20 in Axes
 14170 | Lair:5   | Identified the +8 spear "Killer Bee's Doom" {freeze, rF+
                  | Dex+5}
 14205 | Lair:5   | Found a viscous altar of Jiyva.
 14205 | Lair:5   | Found a staircase to the Slime Pits.
 14426 | Lair:5   | Reached skill level 13 in Fighting
 14518 | Lair:5   | Identified the +4 sling "Sithrauxt" {freeze, rPois Will+
                  | Str+3}
 14701 | Orc:1    | Entered Level 1 of the Orcish Mines
 14797 | Orc:1    | Noticed an orc warlord
 14868 | Orc:1    | HP: 30/128 [orc warrior/+4 hand axe (24)]
 14943 | Orc:1    | Found a frozen archway.
 14959 | IceCv    | Entered an ice cave
 14968 | IceCv    | Reached ****** piety under Beogh
 14970 | IceCv    | Reached XP level 15. HP: 136/136 MP: 13/15
 15008 | IceCv    | Reached skill level 11 in Armour
 15090 | IceCv    | Reached skill level 9 in Dodging
 15138 | IceCv    | Noticed a frost giant
 15149 | IceCv    | Killed a frost giant
 15184 | IceCv    | S - a +2 executioner's axe of freezing {axerare=g}
 15189 | IceCv    | You drop a +2 executioner's axe of freezing {axerare=g}.
 15236 | IceCv    | Gained Olfik as an ally
 15381 | IceCv    | S - a +2 executioner's axe of freezing {axerare=g}
 15583 | Orc:1    | Your ally Olfik died
 15587 | Orc:1    | Reached skill level 14 in Fighting
 15801 | Orc:2    | Entered Level 2 of the Orcish Mines
 15929 | Orc:2    | Found a radiant altar of Vehumet.
 15975 | Orc:2    | Reached skill level 12 in Armour
 15997 | Orc:2    | Gained Bogwik as an ally
 16005 | Orc:2    | Reached skill level 10 in Dodging
 16031 | Orc:2    | Found Plog's General Store.
 16031 | Orc:2    | Found Xuemp's Antique Weapon Boutique.
 16032 | Orc:2    | Found Wualiful's Antique Weapon Emporium.
 16032 | Orc:2    | Found Jysodui's Distillery.
 16044 | Orc:2    | Reached skill level 7 in Shields
 16056 | Orc:2    | Bought a potion of heal wounds for 80 gold pieces
 16056 | Orc:2    | Bought a potion of heal wounds for 80 gold pieces
 16056 | Orc:2    | Bought a potion of haste for 160 gold pieces
 16056 | Orc:2    | Bought 2 potions of haste for 320 gold pieces
 16056 | Orc:2    | Bought a potion of mutation for 128 gold pieces
 16056 | Orc:2    | Bought a potion of mutation for 128 gold pieces
 16056 | Orc:2    | Bought a potion of curing for 48 gold pieces
 16096 | Orc:2    | Found a staircase to the Elven Halls.
 16158 | Orc:2    | Found a runed translucent door.
 16193 | Orc:2    | Found a roughly hewn altar of Beogh.
 16586 | D:10     | Identified the +7 falchion of Bintus {venom, Fly rElec
                  | Will+ Int-2}
 16586 | D:10     | Identified the +7 whip "Dragonbane" {protect, Str+3}
 16593 | D:10     | Found a runed translucent gate.
 16593 | D:10     | Found a runed translucent gate.
 16593 | D:10     | Found a runed translucent gate.
 16593 | D:10     | Found a runed translucent gate.
 16593 | D:10     | Found a runed translucent gate.
 16593 | D:10     | Found a runed translucent gate.
 16606 | D:10     | Reached skill level 8 in Shields
 16750 | D:12     | Gained Borgun as an ally
 16752 | D:12     | Borgun wields a +2 executioner's axe of freezing
                  | {axerare=g}.
 16998 | D:12     | Reached skill level 9 in Shields
 17018 | D:12     | Found Vicumil's Elemental Accessories.
 17299 | D:13     | Identified the +0 leather armour of the Doldrums {Rampage
                  | *Corrode +Inv Slay+5}
 17363 | D:13     | Borgun hits the brown ugly thing with a +2 executioner's
                  | axe of freezing {axerare=g}!
 17404 | D:13     | Borgun hits the boulder beetle with a +2 executioner's axe
                  | of freezing {axerare=g}!!
 17470 | D:13     | Found a transporter.
 17485 | D:13     | Borgun hits the very large slime creature with a +2
                  | executioner's axe of freezing {axerare=g}!!!
 17486 | D:13     | Borgun hits the basilisk with a +2 executioner's axe of
                  | freezing {axerare=g}!
 17490 | D:13     | Reached skill level 10 in Shields
 17494 | D:13     | Found a transporter.
 17496 | D:13     | Found a transporter.
 17595 | D:13     | You pick up a book of Vapours and begin reading...
 17595 | D:13     | You add the spells Poisonous Vapours, Mephitic Cloud and
                  | Freezing Cloud to your library.
 18036 | D:13     | Found a gate to the Vaults.
 18042 | D:13     | You pick up a book of Hexes and begin reading...
 18042 | D:13     | You add the spells Anguish, Cause Fear and Enfeeble to your
                  | library.
 18118 | D:13     | Found a transporter.
 18293 | D:14     | Reached XP level 16. HP: 137/146 MP: 16/16
 18317 | D:14     | Reached skill level 11 in Shields
 18317 | D:14     | Noticed Agnes
 18322 | D:14     | Killed Agnes
 18421 | D:14     | Noticed Snorg
 18426 | D:14     | Killed Snorg
 18574 | D:14     | Found Itwi's Self-Improvement Boutique.
 18581 | D:14     | Bought a manual of Armour for 960 gold pieces
 19183 | D:15     | Entered Level 15 of the Dungeon
 19285 | D:15     | Reached skill level 12 in Shields
 19302 | D:15     | Found a staircase to the Depths.
 19423 | D:15     | Borgun hits the eight-headed hydra with a +2 executioner's
                  | axe of freezing {axerare=g}!!
 19558 | D:15     | Reached skill level 13 in Shields
 20034 | Lair:1   | Here: Borgun the orc warlord, wielding a +2 executioner's
                  | axe of freezing {axerare=g} and wearing a +4 plate armour
                  | of cold resistance (friendly)
 20034 | Lair:1   | Here: Borgun the orc warlord, wielding a +2 executioner's
                  | axe of freezing {axerare=g} and wearing a +4 plate armour
                  | of cold resistance (friendly)
 20137 | Snake:1  | Entered Level 1 of the Snake Pit
 20237 | Snake:1  | Acquired 1071 gold pieces
 20260 | Snake:1  | Borgun hits the naga with a +2 executioner's axe of
                  | freezing {axerare=g}!!
 20313 | Snake:1  | Borgun hits the anaconda with a +2 executioner's axe of
                  | freezing {axerare=g}.
 20361 | Snake:1  | Borgun hits the naga mage with a +2 executioner's axe of
                  | freezing {axerare=g}!!
 20438 | Snake:1  | Borgun hits the naga mage with a +2 executioner's axe of
                  | freezing {axerare=g}!!
 20442 | Snake:1  | Borgun hits the black mamba with a +2 executioner's axe of
                  | freezing {axerare=g}!
 20444 | Snake:1  | Borgun hits the naga warrior with a +2 executioner's axe of
                  | freezing {axerare=g}!!
 20448 | Snake:1  | Borgun hits the salamander with a +2 executioner's axe of
                  | freezing {axerare=g}!!
 20448 | Snake:1  | Borgun hits the naga mage with a +2 executioner's axe of
                  | freezing {axerare=g}.
 20451 | Snake:1  | Borgun hits the naga with a +2 executioner's axe of
                  | freezing {axerare=g}!
 20452 | Snake:1  | Reached skill level 14 in Shields
 20563 | Snake:1  | Borgun hits the anaconda with a +2 executioner's axe of
                  | freezing {axerare=g}!
 20563 | Snake:1  | Borgun hits the naga ritualist with a +2 executioner's axe
                  | of freezing {axerare=g}!
 21361 | Snake:2  | Borgun hits the mana viper with a +2 executioner's axe of
                  | freezing {axerare=g}!
 21361 | Snake:2  | Borgun hits the black mamba with a +2 executioner's axe of
                  | freezing {axerare=g}!
 21363 | Snake:2  | Noticed a nagaraja
 21364 | Snake:2  | Reached skill level 15 in Shields
 21364 | Snake:2  | Borgun hits the naga ritualist with a +2 executioner's axe
                  | of freezing {axerare=g}!!
 21371 | Snake:2  | Borgun hits the nagaraja with a +2 executioner's axe of
                  | freezing {axerare=g}!!!
 21373 | Snake:2  | Killed a nagaraja
 21374 | Snake:2  | Noticed Aizul
 21377 | Snake:2  | Borgun hits the naga with a +2 executioner's axe of
                  | freezing {axerare=g}!
 21377 | Snake:2  | Borgun hits the naga mage with a +2 executioner's axe of
                  | freezing {axerare=g}!
 21377 | Snake:2  | Borgun hits the salamander with a +2 executioner's axe of
                  | freezing {axerare=g}!!
 21379 | Snake:2  | Noticed Vashnia
 21380 | Snake:2  | Borgun hits the naga with a +2 executioner's axe of
                  | freezing {axerare=g}!!!
 21386 | Snake:2  | Killed Aizul
 21388 | Snake:2  | Killed Vashnia
 21392 | Snake:2  | HP: 28/146 [naga sharpshooter/arrow[Vashnia] (14)]
 21632 | Snake:2  | Reached skill level 16 in Shields
 21657 | Snake:2  | Identified the +0 scale mail of the Byakko {Str+4 Dex+3}
 21688 | Snake:2  | Found a runed translucent door.
 21708 | Snake:2  | Reached XP level 17. HP: 127/152 MP: 17/17
 21849 | Snake:2  | Found Nimen's Weapon Emporium.
 22301 | Snake:3  | Reached skill level 17 in Shields
 23672 | Snake:3  | Here: Borgun the orc warlord, wielding a +2 executioner's
                  | axe of freezing {axerare=g} and wearing a +4 plate armour
                  | of cold resistance (friendly)
 23672 | Snake:3  | Upgraded the game from 0.31-a0-604-g8e0283293c to
                  | 0.31-a0-618-g7ca08c1ff9
 23672 | Snake:3  | magus.rc [v1.9.6]
 23676 | Snake:3  | magus.rc [v1.9.6]
 23683 | Snake:4  | Entered Level 4 of the Snake Pit
 23846 | Snake:4  | Reached skill level 15 in Fighting
 24202 | Snake:4  | Reached skill level 18 in Shields
 24591 | Snake:4  | Borgun hits something with a +2 executioner's axe of
                  | freezing {axerare=g}!!!
 24593 | Snake:4  | Borgun hits the naga with a +2 executioner's axe of
                  | freezing {axerare=g}!!!
 24593 | Snake:4  | Borgun hits the naga warrior with a +2 executioner's axe of
                  | freezing {axerare=g}!!
 24595 | Snake:4  | Borgun hits the naga mage with a +2 executioner's axe of
                  | freezing {axerare=g}!!
 24595 | Snake:4  | Borgun hits the naga warrior with a +2 executioner's axe of
                  | freezing {axerare=g}!!!
 24597 | Snake:4  | Borgun hits the salamander tyrant with a +2 executioner's
                  | axe of freezing {axerare=g}!!
 24598 | Snake:4  | Borgun hits the naga sharpshooter with a +2 executioner's
                  | axe of freezing {axerare=g}!!!
 24598 | Snake:4  | Borgun hits the salamander tyrant with a +2 executioner's
                  | axe of freezing {axerare=g}!
 24600 | Snake:4  | Borgun hits the salamander tyrant with a +2 executioner's
                  | axe of freezing {axerare=g}!!
 24601 | Snake:4  | Borgun hits the naga sharpshooter with a +2 executioner's
                  | axe of freezing {axerare=g}!!
 24602 | Snake:4  | Borgun hits the salamander tyrant with a +2 executioner's
                  | axe of freezing {axerare=g}!!!
 24604 | Snake:4  | Borgun hits the lindwurm with a +2 executioner's axe of
                  | freezing {axerare=g}!!!
 24605 | Snake:4  | Borgun hits the lindwurm with a +2 executioner's axe of
                  | freezing {axerare=g}!!
 24812 | Snake:4  | HP: 29/158 [salamander tyrant (13)]
 24812 | Snake:4  | HP: 10/158 [salamander mystic/bolt of magma (19)]
 24812 | Snake:4  | Killed from afar by a salamander mystic

Vanquished Creatures
  Agnes (D:14)
  Aizul (Snake:2)
  3 nagarajas
  An orc warlord (Bailey)
  A fire dragon (D:15)
  A salamander tyrant (Snake:3)
  An ice dragon (D:15)
  A centaur warrior (D:13)
  2 ogre magi
  4 hydras
  6 boulder beetles
  13 death yaks
  9 two-headed ogres
  5 anacondas
  5 naga warriors
  5 shock serpents
  3 tengu warriors (D:15)
  2 orc high priests (Orc:2)
  9 naga sharpshooters
  2 salamander mystics (Snake:3)
  3 skysharks
  3 sea snakes (Snake:4)
  3 lindwurms
  2 naga ritualists
  2 orc knights (Bailey)
  8 mana vipers
  Pikel (D:7)
  5 deep elf zephyrmancers (Orc:1)
  4 deep elf pyromancers
  5 ugly things
  A manticore (shapeshifter) (D:15)
  3 orc sorcerers
  6 cyclopes
  A manticore (D:12)
  10 salamanders
  16 elephants
  5 guardian serpents
  25 black mambas
  4 gargoyles
  10 cane toads
  13 naga magi
  3 unseen horrors
  A kobold demonologist (D:10)
  7 rime drakes
  An efreet (D:13)
  8 komodo dragons
  2 ice devils (Orc:1)
  5 polar bears (IceCv)
  3 hornets
  7 trolls
  2 blink frogs
  6 dream sheep
  A jumping spider (D:10)
  A shadow (D:13)
  A spriggan (shapeshifter) (D:14)
  4 slime creatures
  A wraith (D:9)
  9 wyverns
  35 yaks
  6 redbacks
  Grum (D:8)
  9 vampire mosquitoes
  2 basilisks
  Menkaure (D:4)
  24 nagas
  An acid dragon (D:11)
  20 water moccasins
  18 orc warriors
  3 ice beasts
  A black bear (D:4)
  6 ogres
  24 wolves
  4 centaurs
  A phantom (D:5)
  4 lemures (D:7)
  A kobold brigand (D:8)
  8 bullfrogs
  3 scorpions
  19 killer bees
  7 howler monkeys
  11 electric eels
  A vampire bat (Lair:4)
  A lava snake (D:10)
  2 hounds (D:5)
  A jelly (D:6)
  6 orc priests
  2 iguanas (D:7)
  A sleepcap (D:5)
  14 orc wizards
  13 gnolls
  7 adders
  3 shadow imps
  An ufetubus (D:7)
  2 worms
  A dart slug (D:5)
  38 orcs
  5 endoplasms
  4 giant cockroaches
  20 goblins
  7 hobgoblins
  3 quokkas
  4 ball pythons
  7 bats
  7 frilled lizards
  11 kobolds
  4 rats
641 creatures vanquished.

Vanquished Creatures (collateral kills)
  Vashnia (Snake:2)
  A nagaraja (Snake:4)
  A frost giant (IceCv)
  Snorg (D:14)
  3 salamander tyrants (Snake:4)
  3 hydras
  5 anacondas
  A two-headed ogre (Orc:2)
  A death yak (Lair:3)
  2 boulder beetles
  A shock serpent (Snake:4)
  11 naga warriors
  4 naga sharpshooters
  An orc high priest (Orc:2)
  Sonja (Lair:4)
  2 skysharks (Lair:5)
  A deep troll (D:13)
  A sea snake (Snake:4)
  4 naga ritualists
  A lindwurm (Snake:4)
  3 deep elf pyromancers (Orc:1)
  A deep elf zephyrmancer (Orc:1)
  A wolf spider (Lair:5)
  4 orc knights
  4 ugly things
  An oklob plant (Lair:5)
  10 salamanders
  2 cyclopes
  A manticore (D:15)
  11 black mambas
  9 elephants
  10 naga magi
  An ice statue (IceCv)
  A guardian serpent (Lair:5)
  A torpor snail (Lair:2)
  8 cane toads
  A rime drake (Lair:3)
  An efreet (D:14)
  A troll (Orc:2)
  3 meliai (D:14)
  2 blink frogs (Lair:3)
  3 dream sheep
  2 slime creatures (Lair:5)
  6 yaks
  6 wyverns
  2 basilisks
  A redback (Lair:5)
  20 nagas
  7 water moccasins
  4 orc warriors
  3 wolves (Lair:3)
  A centaur (D:12)
  A lava snake (D:10)
  4 orc priests
  2 orc wizards
  A gnoll (D:6)
  4 orcs
  4 bats (Lair:4)
  3 butterflies (Lair:3)
196 creatures vanquished.

Vanquished Creatures (others)
  An orc high priest (Orc:2)
  A naga ritualist (Snake:4)
  2 wizards
  2 orc knights (D:14)
  4 orc sorcerers
  A naga (Snake:1)
  18 orc warriors
  A wolf (IceCv)
  A gnoll sergeant (D:6)
  An electric eel (D:8)
  17 orc priests
  13 orc wizards
  25 orcs
  A kobold (D:8)
  A bat (Lair:3)
89 creatures vanquished.

Grand Total: 926 creatures vanquished

Table legend:
 A = Non-vault XP
 B = Vault XP
 C = Vault XP percentage of total XP
 D = Non-vault monster count
 E = Vault monster count
 F = Vault count percentage of total count
                 A         B        C        D         E       F
            +---------+---------+-------+---------+---------+-------
      Total |  156743 |   66582 |  29.8 |     599 |     236 |  28.3
            +---------+---------+-------+---------+---------+-------
        D:1 |      27 |       1 |   3.6 |      18 |       1 |   5.3
        D:2 |      42 |       0 |   0.0 |      17 |       0 |   0.0
        D:3 |      49 |      33 |  40.2 |       7 |       5 |  41.7
        D:4 |     314 |     172 |  35.4 |      15 |       1 |   6.2
        D:5 |     516 |       0 |   0.0 |      11 |       0 |   0.0
        D:6 |     869 |     137 |  13.6 |      17 |       1 |   5.6
        D:7 |    2325 |     826 |  26.2 |      36 |       5 |  12.2
        D:8 |    1722 |     418 |  19.5 |      35 |       3 |   7.9
        D:9 |    2360 |       8 |   0.3 |      15 |       4 |  21.1
       D:10 |    2466 |    2028 |  45.1 |      13 |       7 |  35.0
       D:11 |    2617 |    3106 |  54.3 |      13 |       9 |  40.9
       D:12 |    6635 |       0 |   0.0 |      19 |       0 |   0.0
       D:13 |    7335 |    1033 |  12.3 |      16 |       2 |  11.1
       D:14 |    5521 |    1526 |  21.7 |      18 |       2 |  10.0
       D:15 |   11531 |    1749 |  13.2 |      20 |       2 |   9.1
     Lair:1 |    5850 |       0 |   0.0 |      23 |       0 |   0.0
     Lair:2 |    3400 |     697 |  17.0 |      16 |       1 |   5.9
     Lair:3 |   10932 |     363 |   3.2 |      38 |       3 |   7.3
     Lair:4 |    4768 |    3222 |  40.3 |      20 |      18 |  47.4
     Lair:5 |   10634 |   11523 |  52.0 |      28 |      49 |  63.6
    Snake:1 |   16232 |       0 |   0.0 |      40 |       0 |   0.0
    Snake:2 |   17325 |    5258 |  23.3 |      41 |       6 |  12.8
    Snake:3 |   21170 |       0 |   0.0 |      52 |       0 |   0.0
    Snake:4 |   16933 |    8181 |  32.6 |      43 |      15 |  25.9
      Orc:1 |    2096 |    4905 |  70.1 |      15 |      12 |  44.4
      Orc:2 |    3074 |    4142 |  57.4 |      13 |      14 |  51.9
     Bailey |       0 |    3487 | 100.0 |       0 |      41 | 100.0
      IceCv |       0 |   13767 | 100.0 |       0 |      35 | 100.0
            +---------+---------+-------+---------+---------+-------

Skill      XL: |  1  2  3  4  5  6  7  8  9 10 11 12 13 14 15 16 17 |
---------------+----------------------------------------------------+-----
Axes           | 3 4 5 6 8 9 10 12 18 20 | 20.9
Fighting       | 4 6 8 11 12 13 14 15 | 15.9
Maces & Flails | 4 7 9 |  9.4
Armour         | 5 9 10 12 | 12.0
Shields        | 5 6 10 16 18 | 18.3
Dodging        | 5 8 10 | 10.0

Action                     |  1- 3 |  4- 6 |  7- 9 | 10-12 | 13-15 | 16-18 || total
---------------------------+-------+-------+-------+-------+-------+-------++-------
  Melee: War axe           |   105 |   100 |    62 |       |       |       ||   267
         Whip              |       |       |   207 |   545 |   190 |       ||   942
         Broad axe         |       |       |       |       |   505 |   350 ||   855
 Invoke: Convert to Beogh  |       |       |     1 |       |       |       ||     1
         Recall Orcish Fol |       |       |       |       |    12 |     8 ||    20
         Give Item to Name |       |       |       |       |     3 |       ||     3
         Stop Recall       |       |       |       |       |     2 |     4 ||     6
  Evoke: Wand              |       |       |     3 |    12 |     3 |     1 ||    19
    Use: Potion            |       |     5 |       |     2 |       |     2 ||     9
         Scroll            |       |       |     7 |     6 |    19 |     1 ||    33
   Stab: Invisible         |       |     1 |       |       |       |       ||     1
         Distracted        |       |       |       |       |     8 |     5 ||    13
 Armour: Scale mail        |    40 |    43 |    90 |    31 |       |       ||   204
         Chain mail        |       |       |       |   122 |   347 |   168 ||   637
  Dodge: Dodged            |    35 |    41 |   109 |   152 |   363 |   165 ||   865
  Block: Buckler           |    29 |    22 |    74 |   114 |   187 |    10 ||   436
         Kite shield       |       |       |       |       |       |   370 ||   370
         Reflection        |       |       |       |       |       |    47 ||    47

Illustrated notes

Table legend:
 A = Kills in this place as a percentage of kills in the entire game.
 B = Kills by you in this place as a percentage of kills by you in the entire game.
 C = Kills by friends in this place as a percentage of kills by friends in the entire game.
 D = Other kills in this place as a percentage of other kills in the entire game.
 E = Experience gained in this place as a percentage of experience gained in the entire game.
 F = Experience gained in this place divided by the number of levels of this place that you have seen.
                   A       B       C       D       E      F
               +-------+-------+-------+-------+-------+----------------------
         Total | 100.0 | 100.0 | 100.0 | 100.0 | 100.0 | 7700.9
       Dungeon |  37.4 |  44.6 |  13.5 |  40.0 |  24.8 | 3691.1
          Lair |  23.5 |  21.4 |  31.1 |   0.0 |  23.0 | 10277.8
     Snake Pit |  23.6 |  17.9 |  42.0 |  40.0 |  38.1 | 21274.8
  Orcish Mines |   6.5 |   4.7 |  12.4 |   0.0 |   6.4 | 7108.5
        Bailey |   4.9 |   6.3 |   0.0 |  20.0 |   1.6 | 3487.0
      Ice Cave |   4.2 |   5.2 |   1.0 |   0.0 |   6.2 | 13767.0
               +-------+-------+-------+-------+-------+----------------------

Table legend: (Time is in decaauts)
 A = Elapsed time spent in this place.
 B = Non-inter-level travel time spent in this place.
 C = Inter-level travel time spent in this place.
 D = Time resting spent in this place.
 E = Time spent auto-exploring this place.
 F = Levels seen in this place.
 G = Mean time per level.
                   A        B        C        D        E       F      G
               +--------+--------+--------+--------+--------+-----+--------+
         Total |  24613 |  22854 |   1759 |   2592 |  14441 |  29 |  848.7 |
       Dungeon |  12006 |  11004 |   1002 |    845 |   7069 |  15 |  800.4 |
        Temple |      1 |      1 |      0 |      0 |      0 |   1 |    1.0 |
          Lair |   5619 |   5198 |    421 |    818 |   3404 |   5 | 1123.8 |
     Snake Pit |   4710 |   4431 |    279 |    772 |   2791 |   4 | 1177.5 |
  Orcish Mines |   1341 |   1285 |     56 |     89 |    872 |   2 |  670.5 |
        Bailey |    436 |    436 |      0 |     19 |    136 |   1 |  436.0 |
      Ice Cave |    498 |    498 |      0 |     49 |    169 |   1 |  498.0 |
               +--------+--------+--------+--------+--------+-----+--------+

Top non-repeatable levels by time:
  Lair:2: 1726 daAuts
 Snake:3: 1520 daAuts
 Snake:1: 1331 daAuts
     D:3: 1208 daAuts
  Lair:3: 1043 daAuts
     D:8: 1032 daAuts
 Snake:4: 1029 daAuts
    D:13: 982 daAuts
  Lair:5: 976 daAuts
    D:14: 948 daAuts
  Lair:1: 945 daAuts
  Lair:4: 928 daAuts
    D:11: 888 daAuts
     D:7: 870 daAuts
 Snake:2: 829 daAuts
